 Dungeon Crawl Stone Soup version 0.31-a0-960-g0fca184906 (webtiles) character file.

Game seed: 16200232866486177076

35 felon88 the Ducker (level 3, 0/25 HPs)
             Began as a Djinni Fire Elementalist on Oct 22, 2023.
             Slain by an orc wizard
             ... wielding a +0 dagger
              (2 damage)
             ... on level 3 of the Dungeon.
             The game lasted 00:10:16 (643 turns).

felon88 the Ducker (Djinni Fire Elementalist)        Turns: 643, Time: 00:10:16

Health: 0/25       AC:  5    Str:  7    XL:     3   Next: 55%
Gold:   64         EV: 10    Int: 18    God:
                   SH:  0    Dex: 13

rFire   + + .        f - +0 dagger
rCold   x . .        (no shield)
rNeg    . . .        c - +0 ring mail
rPois   ∞            (no helmet)
rElec   .            (no cloak)
rCorr   .            (no gloves)
SInv    .            (boots unavailable)
Will    .....        (no amulet)
Stlth   +            (no ring)
HPRegen 0.24/turn    (no ring)
MPRegen 0.00/turn

%: infuse magic (-1 HP)
@: flying
A: sickness immunity, fire resistance 2, cold vulnerability 1, float, innate
caster, HP casting, extra vitality 1
a: no special abilities


You were on level 3 of the Dungeon.
You visited 1 branch of the dungeon, and saw 3 of its levels.

You collected 64 gold pieces.

Inventory:

Hand Weapons
 b - a +0 mace
 f - a +0 dagger (weapon)
Armour
 a - a +0 robe
 c - a +0 ring mail (worn)
 e - a +0 ring mail
Scrolls
 d - 2 scrolls of identify {unknown}
 g - a scroll of enchant weapon {unknown}
Potions
 h - a potion of mutation {unknown}


   Skills:
 + Level 0.5 Armour
 + Level 3.3 Dodging
 + Level 2.3 Stealth
 - Level 3.0 Spellcasting
 - Level 3.0 Conjurations
 - Level 3.0 Hexes
 - Level 3.0 Summonings
 - Level 3.0 Necromancy
 - Level 3.0 Translocations
 - Level 3.0 Transmutations
 - Level 3.0 Fire Magic
 - Level 3.0 Ice Magic
 - Level 3.0 Air Magic
 - Level 3.0 Earth Magic
 - Level 3.0 Poison Magic


You knew the following spells:

 Your Spells              Type           Power      Damage    Failure   Level
a - Foxfire               Conj/Fire      52%        2x1d6     16%         1
b - Scorch                Fire           26%        2d6       24%         2
c - Volatile Blastmotes   Fire/Tloc      26%        2d12      43%         3
d - Inner Flame           Hex/Fire       13%        N/A       43%         3
e - Flame Wave            Conj/Fire      13%        2d6       85%         4
f - Necrotise             Necr           52%        1d6       16%         1
Your spell library was empty.

Dungeon Overview and Level Annotations

Branches:
Dungeon (3/15)

Altars:


Innate Abilities, Weirdness & Mutations

You are immune to sickness and miasma.
You are immune to poison.
Your flesh is very heat resistant. (rF++)
You are vulnerable to cold. (rC-)
You float through the air rather than walking.
You learn spells naturally, not from books.
Your magical power is your life essence.
You have superior vitality. (+4 MHP)


Message History

You bump into the rock wall.
You hear a zap.
A puff of flame appears from out of thin air!
The puff of flame misses you.
You're too confused to cast spells.
You bump into the rock wall.
You hear some strange, mumbled words.
You are more confused.
You're too confused to cast spells.
You bump into the rock wall.
An orc wizard appears from thin air!
Reactivating autopickup.
You're too confused to cast spells.
You're too confused to cast spells.
You're too confused to cast spells.
There is a stone staircase leading down here.
You're too confused to cast spells.
You're too confused to cast spells.
The orc wizard casts a spell at you. You resist with some effort.
There is a stone staircase leading down here.
You're too confused to cast spells.
You feel less confused. The orc attacks as it pursues you!
The orc closely misses you. The orc attacks as it pursues you!
The orc hits you with a +0 mace!
You conjure some foxfire!
The orc wizard gestures at you while chanting.
The magic dart hits you. The orc hits you with a +0 whip.
The foxfire hits the orc wizard but does no damage.
The orc wizard is moderately wounded.
The foxfire hits the orc.
The orc is almost dead.
The orc wizard attacks as it pursues you!
The orc wizard hits you but does no damage.
The orc hits you with a +0 mace.
* * * LOW HITPOINT WARNING * * *
You are too injured to fight recklessly!
The orc hits you with a +0 whip.
* * * LOW HITPOINT WARNING * * *
The orc wizard hits you with a +0 dagger.
You die...

#.# ... ####### #.# #.....#
#.# #.....## ###.## .......
#......## #.... .......
#.......## #.#.# ......
#........###.#@# .....
####........ooo#######...###
#.....###..B....##).....#
##...## #.r####.##)...#
########>.#......o...#
#.........#.##.##.####
....#####.#:##.##.# .
#..r.o.##.. ###.########


You could see an orc wizard, 2 orcs, a giant cockroach and a rat.

Vanquished Creatures
  2 orcs (D:3)
  5 ball pythons
  5 bats (D:1)
  An endoplasm (D:1)
  2 goblins
  2 hobgoblins
  3 jackals (D:1)
  3 quokkas (D:1)
  A frilled lizard (D:2)
  3 kobolds
  3 rats (D:1)
30 creatures vanquished.

Vanquished Creatures (others)
  62 foxfires
62 creatures vanquished.

Grand Total: 92 creatures vanquished

Notes
Turn   | Place    | Note
-------+----------+-------------------------------------------
     0 | D:1      | felon88 the Djinni Fire Elementalist began the quest for
                  | the Orb.
     0 | D:1      | felon88 set off with the following spells memorised:
                  | Foxfire, Scorch, Volatile Blastmotes, Inner Flame, Flame
                  | Wave.
     0 | D:1      | Reached XP level 1. HP: 15/15 MP: 0/0
    72 | D:1      | Reached XP level 2. HP: 17/21 MP: 0/0
   337 | D:1      | Reached XP level 3. HP: 24/25 MP: 0/0
   337 | D:1      | Learned a level 1 spell: Necrotise
   585 | D:2      | You are sucked into a shaft and drop 1 floor!
   643 | D:3      | Slain by an orc wizard

Illustrated notes

Levels and vault maps discovered:
D:1:      psy_arrival_dodecagon, layout_basic, minmay_surrounded
D:2:      layout_basic, basic_altar, minmay_heptomino_o4
D:3:      layout_loops_cross

Skill      XL: |  1  2  3 |
---------------+----------+-----
Spellcasting   | |  3.0
Conjurations   | |  3.0
Hexes          | |  3.0
Summonings     | |  3.0
Necromancy     | |  3.0
Translocations | |  3.0
Transmutations | |  3.0
Fire Magic     | |  3.0
Ice Magic      | |  3.0
Air Magic      | |  3.0
Earth Magic    | |  3.0
Poison Magic   | |  3.0
Stealth        | 2 |  2.3
Dodging        | 3 |  3.3
Armour         | |  0.5

Action                     || total
---------------------------++-------
  Melee: Mace              ||     2
   Cast: Foxfire           ||    55
 Armour: Robe              ||     2
         Ring mail         ||    26
  Dodge: Dodged            ||    13

Table legend: (Time is in decaauts)
 A = Elapsed time spent in this place.
 B = Non-inter-level travel time spent in this place.
 C = Inter-level travel time spent in this place.
 D = Time resting spent in this place.
 E = Time spent auto-exploring this place.
 F = Levels seen in this place.
 G = Mean time per level.
                   A        B        C        D        E       F      G
               +--------+--------+--------+--------+--------+-----+--------+
         Total |    639 |    287 |    352 |      0 |      0 |   3 |  213.0 |
       Dungeon |    639 |    287 |    352 |      0 |      0 |   3 |  213.0 |
               +--------+--------+--------+--------+--------+-----+--------+

Top non-repeatable levels by time:
     D:1: 457 daAuts
     D:2: 123 daAuts
     D:3: 57 daAuts
